 Dungeon Crawl Stone Soup version 0.27.0-1-g7a089689b8 (webtiles) character file.

Game seed: 1058479574263766378

319 unlimited1921 the Firebug (level 6, -3/48 HPs)
             Began as a Hill Orc Fire Elementalist on Aug 17, 2021.
             Slain by a gnoll (8 damage)
             ... on level 3 of the Dungeon.
             The game lasted 00:31:12 (4526 turns).

unlimited1921 the Firebug (HOFE)                    Turns: 4526, Time: 00:31:13

Health: -3/48      AC:  3    Str: 12    XL:     6   Next: 46%
Magic:  0/11       EV: 11    Int: 16    God:
Gold:   41         SH:  0    Dex: 11    Spells: 10/11 levels left

rFire    . . .     SeeInvis .   w - +0 short sword (drain)
rCold    . . .     Faith    .   (no shield)
rNeg     . . .     Spirit   .   n - +0 leather armour
rPois    +         Reflect  .   (no helmet)
rElec    .         Harm     .   (no cloak)
rCorr    .         Rampage  .   (no gloves)
Will     .....                  (no boots)
Stlth    ++........             (no amulet)
HPRegen  0.16/turn              x - ring of poison resistance
MPRegen  0.12/turn              (no ring)

@: very slightly contaminated
A: no striking features
a: no special abilities


You were on level 3 of the Dungeon.
You visited 1 branch of the dungeon, and saw 3 of its levels.

You collected 41 gold pieces.

Inventory:

Hand Weapons
 t - a +0 hunting sling
 w - a +0 short sword of draining (weapon)
Missiles
 d - 6 boomerangs
 e - 18 bolts
 l - 65 stones
 m - 5 poisoned darts
Armour
 a - a +0 robe
 n - a +0 leather armour (worn)
Jewellery
 x - a ring of poison resistance (left hand)
Wands
 r - a wand of iceblast (8)
Scrolls
 g - a scroll of enchant armour {unknown}
 j - 2 scrolls of blinking {unknown}
 k - a scroll of teleportation {unknown}
 p - a scroll of noise {unknown}
 q - 2 scrolls of identify {unknown}
 u - a scroll of immolation {unknown}
Potions
 b - 2 potions of berserk rage {unknown}
 c - a potion of might {unknown}
 f - a potion of brilliance {unknown}
 h - a potion of invisibility {unknown}
 i - a potion of ambrosia {unknown}
 o - a potion of curing {unknown}
 s - 2 potions of flight {unknown}
 v - a potion of heal wounds {unknown}


   Skills:
 * Level 2.2 Fighting
 + Level 1.3 Short Blades
 + Level 0.6 Armour
 + Level 2.0 Dodging
 + Level 2.4 Stealth
 * Level 3.3 Spellcasting
 + Level 2.5 Conjurations
 - Level 3.5 Fire Magic


You had 10 spell levels left.
You knew the following spells:

 Your Spells              Type           Power      Damage    Failure   Level
a - Foxfire               Conj/Fire      48%        2x1d6     7%          1

Your spell library contained the following spells:

 Spells                   Type           Power      Damage    Failure   Level
 Conjure Flame            Conj/Fire      12%        6-21      21%         3
 Inner Flame              Hex/Fire       8%         N/A       32%         3
 Sticky Flame             Conj/Fire      12%        2d4       54%         4
 Fireball                 Conj/Fire      6%         3d5       88%         5


Dungeon Overview and Level Annotations

Branches:
Dungeon (3/15)

Altars:

Shops:
D:2 *


Message History

No target in view!
A gnoll comes into view. It is wielding a +0 halberd.
Things that are here:
a +0 whip; a gnoll corpse A gnoll comes into view.
It is wielding a +0 club.
An orc comes into view. It is wielding a +0 club.
The gnoll shouts!
Casting: Foxfire (safe; 7% risk of failure)
Confirm with . or Enter, or press ? or * to list all spells.
You conjure some foxfire!
The foxfire hits the orc.
The orc is lightly wounded.
The foxfire hits the orc.
You kill the orc!
Casting: Foxfire (safe; 7% risk of failure)
Confirm with . or Enter, or press ? or * to list all spells.
You conjure some foxfire!
The gnoll closely misses you.
The foxfire hits the gnoll.
The gnoll is lightly wounded.
The foxfire hits the gnoll.
The gnoll is heavily wounded.
Casting: Foxfire (safe; 7% risk of failure)
Confirm with . or Enter, or press ? or * to list all spells.
You miscast Foxfire.
You are very lightly contaminated with residual magic.
Nothing appears to happen.
The gnoll hits you from afar with a +0 halberd.
The gnoll throws a throwing net.
The throwing net hits you.
You become entangled in the net!
You struggle against the net.
The gnoll barely misses you.
You struggle against the net.
The gnoll hits you from afar with a +0 halberd!
* * * LOW HITPOINT WARNING * * *
You struggle against the net.
The gnoll hits you from afar with a +0 halberd!
* * * LOW HITPOINT WARNING * * *
The gnoll barely misses you.
You rip the net and break free!
The gnoll hits you from afar with a +0 halberd!
You die...

...##..#
#.##.)########.#
#######......†).......
.........).[...#####.#
..#####.##..##.#
#.##..##.# #
#.##g.##.# ..
##.##g.##.### .#
#....@........ .#
#..########### ## #..#
#†.# #..# #..# ## #..#
. ##..# ## #.#####...#


You could see 2 gnolls.

Vanquished Creatures
  A water moccasin (D:3)
  2 jellies (D:3)
  2 gnolls (D:3)
  2 adders (D:2)
  A worm (D:2)
  3 dart slugs
  An orc (D:3)
  7 ball pythons
  15 endoplasms
  4 giant cockroaches
  10 goblins
  7 hobgoblins
  17 kobolds
  4 quokkas
  5 bats
  7 frilled lizards
  6 rats
94 creatures vanquished.

Vanquished Creatures (collateral kills)
  A foxfire (D:2)
1 creature vanquished.

Vanquished Creatures (others)
  261 foxfires
  9 fungi (D:3)
  7 toadstools (D:3)
277 creatures vanquished.

Grand Total: 372 creatures vanquished

Notes
Turn   | Place    | Note
-------+----------+-------------------------------------------
     0 | D:1      | unlimited1921 the Hill Orc Fire Elementalist began the
                  | quest for the Orb.
     0 | D:1      | Reached XP level 1. HP: 14/14 MP: 3/3
    20 | D:1      | Noticed a minotaur zombie
   281 | D:1      | Reached XP level 2. HP: 20/20 MP: 1/4
   938 | D:1      | Reached XP level 3. HP: 26/26 MP: 3/6
  1909 | D:2      | Found Paviokk's Assorted Antiques.
  1979 | D:2      | Reached skill level 1 in Fighting
  1979 | D:2      | Reached XP level 4. HP: 35/35 MP: 2/7
  3310 | D:2      | You fall into a shaft and drop 1 floor!
  3458 | D:3      | Found a faded altar of an unknown god.
  3881 | D:3      | Reached XP level 5. HP: 31/40 MP: 9/9
  4468 | D:3      | Noticed a water moccasin
  4486 | D:3      | Killed a water moccasin
  4487 | D:3      | Reached skill level 1 in Short Blades
  4487 | D:3      | Reached XP level 6. HP: 26/48 MP: 1/10
  4526 | D:3      | Slain by a gnoll

Illustrated notes

Levels and vault maps discovered:
D:1:      shiori_arrival_whats_in_store_for_you, layout_loops_ring
D:2:      minmay_razor_zed, layout_rooms, serial_shops,
          nicolae_shop_overgrown_old_shop, hangedman_feature_mirror,
          minmay_indecisive_spiral
D:3:      cheibrodos_fertilizer, layout_loops_ring,
          ebering_ecumenical_altar_ruins

Skill      XL: |  1  2  3  4  5 |
---------------+----------------+-----
Spellcasting   | 2 3 |  3.3
Stealth        | 2 |  2.4
Fighting       | 1 2 |  2.2
Conjurations   | 2 |  2.5
Short Blades   | 1 |  1.3
Dodging        | 2 |  2.0
Armour         | |  0.6
Fire Magic     | |  3.5

Action                   |  1- 3 |  4- 6 || total
-------------------------+-------+-------++-------
Melee: Short sword       |       |    50 ||    50
 Cast: Foxfire           |    84 |    69 ||   153
 Stab: Sleeping          |       |     2 ||     2
Armor: Robe              |     7 |     4 ||    11
       Leather armour    |       |     7 ||     7
Dodge: Dodged            |    16 |    35 ||    51
